 Dungeon Crawl Stone Soup version 0.21.0-3-g78d12a8 (console) character file.

60 ahub the Skirmisher (level 3, -2/29 HPs)
             Began as a Demonspawn Fighter on Jan 10, 2018.
             Killed from afar by Natasha (6 damage)
             ... with a magic dart
             ... on level 2 of the Dungeon.
             The game lasted 00:02:07 (1087 turns).

ahub the Skirmisher (Demonspawn Fighter)            Turns: 1087, Time: 00:02:08

Health: -2/29      AC:  6    Str: 17    XL:     3   Next: 82%
Magic:  3/3        EV:  7    Int:  9    God:
Gold:   100        SH:  9    Dex: 12    Spells: 2/2 levels left

rFire    . . .     SeeInvis .   a - +0 long sword
rCold    . . .     Gourm    .   c - +0 shield
rNeg     + . .     Faith    .   b - +0 scale mail
rPois    +         Spirit   .   (no helmet)
rElec    .         Reflect  .   (no cloak)
rCorr    .         Harm     .   (no gloves)
MR       .....                  (no boots)
Stlth    ..........             (no amulet)
HPRegen  0.09/turn              k - ring of poison resistance
MPRegen  0.08/turn              l - ring of positive energy

@: slowed, very slow
A: talons 2
a: no special abilities


You were on level 2 of the Dungeon.
You were not hungry.

You visited 1 branch of the dungeon, and saw 2 of its levels.

You collected 100 gold pieces.

Inventory:

Hand Weapons
 a - a +0 long sword (weapon)
Armour
 b - a +0 scale mail (worn)
 c - a +0 shield (worn)
Jewellery
 k - a ring of poison resistance (left hand)
 l - a ring of positive energy (right hand)
Scrolls
 e - 4 scrolls of identify {unknown}
 h - 3 scrolls of remove curse {unknown}
 j - 2 scrolls of enchant weapon {unknown}
 n - a scroll of teleportation {unknown}
Potions
 d - 2 potions of might
 g - a potion of haste {unknown}
 i - a potion of mutation {unknown}
Books
 m - a book of Minor Magic

   Spells                             Type                      Level
   a - Magic Dart                     Conjuration                  1
   b - Blink                          Translocation                2
   c - Call Imp                       Summoning                    2
   d - Slow                           Hexes                        2
   e - Conjure Flame                  Conjuration/Fire             3
   f - Mephitic Cloud                 Conjuration/Poison/Air       3
Comestibles
 f - 3 rations


   Skills:
 + Level 3.5 Fighting
 + Level 2.3 Long Blades
 + Level 3.2 Armour
 + Level 3.2 Shields


You had 2 spell levels left.
You didn't know any spells.

Dungeon Overview and Level Annotations

Branches:
Dungeon (2/15)

Altars:

Annotations:
D:2 Natasha


Innate Abilities, Weirdness & Mutations

You have razor-sharp toenails.


Message History

* * * LOW HITPOINT WARNING * * *
You block the shadow imp's attack.
Natasha casts a spell.
The shadow imp hits you but does no damage.
Unknown command.
Your shield and scale mail prevent you from hitting Natasha.
Your kick misses Natasha.
Natasha is almost dead.
Natasha barely misses you. The shadow imp barely misses you.
Natasha casts a spell at you.
You feel as though you will be slow longer.
The shadow imp hits you but does no damage.
You closely miss Natasha. Your kick misses Natasha.
Natasha is almost dead.
Natasha claws you.
* * * LOW HITPOINT WARNING * * *
You block the shadow imp's attack. Natasha claws you but does no damage.
You block the shadow imp's attack. Natasha casts a spell at you.
The magic dart hits you!
You die...

###### ..<..#
#...# #5h.# #@#.#
##.#.#.#.
#.######.........
#!......#.##+##.#
######....# ..
#..#.+ #.. #....#
..#
###..#.##+##.#
#.............
#....#.#.#.#.
#.........#######


You could see Natasha and a shadow imp.

Vanquished Creatures
  Jessica (D:2)
  A worm (D:2)
  A dart slug (D:1)
  A leopard gecko (D:1)
  4 bats
  6 goblins
  2 hobgoblins (D:1)
  3 jackals (D:2)
  A ball python (D:1)
  2 frilled lizards
  3 kobolds
  5 rats
30 creatures vanquished.

Notes
Turn   | Place    | Note
-------+----------+-------------------------------------------
     0 | D:1      | ahub the Demonspawn Fighter began the quest for the Orb.
     0 | D:1      | Reached XP level 1. HP: 18/18 MP: 1/1
   260 | D:1      | Gained mutation: You have sharp toenails. [demonic ancestry]
   260 | D:1      | Reached XP level 2. HP: 24/24 MP: 2/2
   838 | D:2      | Noticed Jessica
   850 | D:2      | Killed Jessica
   850 | D:2      | Gained mutation: You have razor-sharp toenails. [demonic ancestry]
   850 | D:2      | Reached XP level 3. HP: 26/29 MP: 3/3
  1077 | D:2      | Noticed Natasha
  1087 | D:2      | Killed from afar by Natasha

Skill      XL: |  1  2 |
---------------+-------+-----
Shields        | 3 |  3.2
Long Blades    | 2 |  2.3
Armour         | 3 |  3.2
Fighting       | |  3.5

Action                   || total
-------------------------++-------
Melee: Long sword        ||    75
       Kick              ||    19
  Eat: Chunk             ||     1
Armor: Scale mail        ||    41
Dodge: Dodged            ||    28
Block: Shield            ||    44
       Rpst.: Long sword ||     7
